 Dungeon Crawl Stone Soup version 0.19-a0-1225-gf887c1c (webtiles) character file.

42 Arkorax the Ducker (level 3, -2/24 HPs)
             Began as a Kobold Monk on Aug 25, 2016.
             Slain by a worm (9 damage)
             ... on level 2 of the Dungeon.
             The game lasted 00:01:30 (1184 turns).

Arkorax the Ducker (Kobold Monk)                    Turns: 1184, Time: 00:01:31

Health: -2/24      AC:  3    Str:  9    XL:     3   Next: 80%
Magic:  3/3        EV: 17    Int:  8    God:
Gold:   50         SH:  0    Dex: 19    Spells: 0 memorised, 2 levels left

rFire  . . .     SeeInvis .       - Unarmed
rCold  . . .     Gourm    .     a - +0 robe
rNeg   . . .     Faith    .     (shield restricted)
rPois  .         Spirit   .     (no helmet)
rElec  .         Dismiss  .     (no cloak)
rCorr  .         Reflect  .     (no gloves)
MR     .....     Harm     .     m - +0 pair of boots
Stlth  +++.......               d - amulet of rage
                                (no ring)
                                (no ring)

@: no status effects
A: carnivore 3
a: Evoke Berserk Rage


You were on level 2 of the Dungeon.
You were completely stuffed.

You visited 1 branch of the dungeon, and saw 2 of its levels.

You collected 50 gold pieces.

Inventory:

Armour
 a - a +0 robe (worn)
 m - a +0 pair of boots (worn)
Jewellery
 d - an amulet of rage (around neck)
Wands
 n - a wand of random effects (32/48)
Scrolls
 f - a scroll of remove curse {unknown}
 h - 4 scrolls of identify {unknown}
 i - 2 scrolls of teleportation {unknown}
 k - 2 scrolls of amnesia {unknown}
Potions
 c - a potion of lignification {unknown}
 e - a potion of might {unknown}
 j - a potion of curing {unknown}
Comestibles
 b - 3 meat rations {!e}
 g - a beef jerky
 l - 2 chunks of flesh


   Skills:
 + Level 3.7 Fighting
 + Level 4.2 Dodging
 - Level 2.6 Stealth
 * Level 3.7 Unarmed Combat


You had 2 spell levels left.
You didn't know any spells.

Dungeon Overview and Level Annotations

Branches:
Dungeon (2/15)

Altars:
Okawaru


Innate Abilities, Weirdness & Mutations

You are small and have problems with some larger weapons.
You are carnivorous and can eat meat at any time.


Message History

The worm barely misses you.
You hit the worm.
The worm is heavily wounded.
You barely miss the worm.
The worm is heavily wounded.
The worm bites you!
Damage: 7 (max 7)
You barely miss the worm.
The worm is heavily wounded.
The worm completely misses you.
You barely miss the worm.
The worm is moderately wounded.
You hit the worm.
The worm is heavily wounded.
The worm misses you.
You hit the worm.
The worm is heavily wounded.
You hit the worm but do no damage.
The worm is heavily wounded.
The worm misses you.
You hit the worm.
The worm is severely wounded.
You hit the worm.
The worm is severely wounded.
The worm bites you.
* * * LOW HITPOINT WARNING * * *
Damage: 5 (max 7)
You hit the worm.
The worm is almost dead.
You barely miss the worm.
The worm is almost dead.
The worm misses you.
You hit the worm but do no damage.
The worm is almost dead.
The worm bites you.
* * * LOW HITPOINT WARNING * * *
Damage: 3 (max 7)
You are too injured to fight recklessly!
You are too injured to fight recklessly!
You are too injured to fight recklessly!
You are too injured to fight recklessly!
You are too injured to fight recklessly!
You are too injured to fight recklessly!
You are too injured to fight recklessly!
You hit the worm.
The worm is almost dead.
You barely miss the worm. You punch the worm, but do no damage.
The worm is almost dead.
The worm bites you!
You die...

#.#.###.#
#.#.###.#
#.......#
#.......#
#.#.###.#
#.#.###.######
#.#.#..........
####.#.#.#.#######
#..w@......#
.....##.....###
### ##...## ##.##
#.# #.# #+#


You could see a worm.

Vanquished Creatures
  3 oozes (D:1)
  2 dart slugs
  A giant gecko (D:1)
  A ball python (D:2)
  4 bats
  2 giant cockroaches (D:2)
  2 goblins (D:1)
  A hobgoblin (D:2)
  A quokka (D:2)
  A giant newt (D:1)
  3 kobolds
  3 rats
24 creatures vanquished.

Notes
Turn   | Place    | Note
-------+----------+-------------------------------------------
     0 | D:1      | Arkorax the Kobold Monk began the quest for the Orb.
     0 | D:1      | Reached XP level 1. HP: 14/14 MP: 1/1
    35 | D:1      | Reached XP level 2. HP: 15/19 MP: 2/2
   447 | D:1      | Reached skill level 4 in Dodging
   447 | D:1      | Reached XP level 3. HP: 24/24 MP: 3/3
  1012 | D:2      | Found an iron altar of Okawaru.
  1182 | D:2      | HP: 7/24 [worm (3)]
  1184 | D:2      | Slain by a worm

Vault maps used:
D:1:      zelgadis_glass_arrival_small, serial_bayou, serial_bayou_crossing,
          serial_bayou_pond_d, serial_bayou_lake_a, serial_bayou_shore_b
D:2:      marbit_many_paths

Skill      XL: |  1  2 |
---------------+-------+-----
Dodging        | 4 |  4.2
Fighting       | |  3.7
Stealth        | |  2.6
Unarmed Combat | |  3.7

Action                   || total
-------------------------++-------
Melee: Unarmed           ||   106
       Punch             ||     3
 Stab: Sleeping          ||    12
  Eat: Chunk             ||     9
Armor: Robe              ||     6
Dodge: Dodged            ||    59

Table legend:
 A = Turns spent in this place as a percentage of turns spent in the entire game.
 B = Non-inter-level travel turns spent in this place as a percentage of non-inter-level travel turns spent in the entire game.
 C = Inter-level travel turns spent in this place as a percentage of turns spent in this place.
 D = Turns resting spent in this place as a percentage of non-inter-level travel turns spent in this place.
 E = Turns spent auto-exploring this place as a percentage of non-inter-level travel turns spent in this place.
 F = Non-inter-level travel turns spent in this place divided by the number of levels of this place that you've seen.
                   A       B       C       D       E      F
               +-------+-------+-------+-------+-------+----------------------
         Total | 100.0 | 100.0 |   0.5 |   0.5 |  13.4 | 201.0
       Dungeon | 100.0 | 100.0 |   0.5 |   0.5 |  13.4 | 201.0
               +-------+-------+-------+-------+-------+----------------------

Vault maps used:
D:1:      zelgadis_glass_arrival_small, serial_bayou, serial_bayou_crossing,
          serial_bayou_pond_d, serial_bayou_lake_a, serial_bayou_shore_b
D:2:      marbit_many_paths
